 Dungeon Crawl Stone Soup version 0.25.1-9-gc5326a611f (webtiles) character file.

Game seed: 14145894857744632745

532 Clowwww the Chopper (level 7, -3/54 HPs)
             Began as a Demonspawn Fighter on Jan 1, 2021.
             Was an Initiate of Ashenzari.
             Slain by grovkorv's ghost (16 damage)
             ... on level 4 of the Dungeon.
             The game lasted 00:10:11 (4455 turns).

Clowwww the Chopper (Demonspawn Fighter)            Turns: 4455, Time: 00:10:12

Health: -3/54      AC:  8    Str: 18    XL:     7   Next: 4%
Magic:  7/7        EV:  9    Int: 10    God:    Ashenzari [......]
Gold:   98         SH:  9    Dex: 12    Spells: 6/6 levels left

rFire    . . .     SeeInvis .   a - +0 war axe (curse)
rCold    . . .     Gourm    .   c - +0 kite shield
rNeg     . . .     Faith    .   b - +0 scale mail
rPois    .         Spirit   .   (no helmet)
rElec    .         Reflect  .   (no cloak)
rCorr    .         Harm     .   e - +0 pair of gloves
MR       .....                  (no boots)
Stlth    +.........             (no amulet)
HPRegen  0.18/turn              (no ring)
MPRegen  0.10/turn              (no ring)

@: mighty, lethally poisoned (-3 -> -9), about to teleport, very slightly
contaminated, invisible
A: foul stench 1, powered by pain 1, rot immunity, sturdy frame 2
a: Curse Item, Renounce Religion


You were on level 4 of the Dungeon.
You worshipped Ashenzari.
Ashenzari was noncommittal.
You were not hungry.

You visited 2 branches of the dungeon, and saw 5 of its levels.

You collected 98 gold pieces.

Inventory:

Hand Weapons
 a - a cursed +0 war axe (weapon)
Armour
 b - a +0 scale mail (worn)
 c - a +0 kite shield (worn)
 e - a +0 pair of gloves (worn)
Jewellery
 h - an uncursed ring of ice
Scrolls
 o - 2 scrolls of immolation
Potions
 i - a potion of flight
 j - a potion of brilliance {unknown}
 l - a potion of invisibility
 m - a potion of curing
 p - a potion of cancellation {unknown}
Comestibles
 f - 13 rations


   Skills:
 + Level 4.2 Fighting
 + Level 4.8 Axes
 - Level 3.9 Armour
 - Level 1.6 Dodging
 - Level 0.1 Stealth
 - Level 3.5 Shields


You had 6 spell levels left.
You didn't know any spells.
Your spell library was empty.

Dungeon Overview and Level Annotations

Branches:
Dungeon (4/15)             Temple (1/1) D:4

Altars:
Ashenzari
Cheibriados
Dithmenos
Fedhas
Hepliaklqana
Kikubaaqudgha
Nemelex Xobeh
Qazlal
Ru
Uskayaw
Vehumet
Wu Jian
Xom
Yredelemnul
Zin

Annotations:
D:4 grovkorv's ghost, novice HOGl


Innate Abilities, Weirdness & Mutations

You may emit foul miasma when damaged in melee.
You sometimes gain a little power by taking damage.
You are immune to rotting.
Your movements are less encumbered by armour. (ER -4)


Message History

Your demonic ancestry asserts itself...
You begin to emit a foul stench of rot and decay.
You barely miss grovkorv's ghost.
You feel sick. Grovkorv's ghost closely misses you.
The hound simulacrum bites you. The hound simulacrum freezes you!
* * * LOW HITPOINT WARNING * * *
You feel better.
You block the hound simulacrum's attack.
Grovkorv's ghost hits you.
* * * LOW HITPOINT WARNING * * *
You are poisoned.
Okay, then.
As you read the scroll of teleportation, it crumbles to dust.
You feel strangely unstable.
You feel sick.
The hound simulacrum bites you but does no damage.
Grovkorv's ghost barely misses you. The hound simulacrum barely misses you.
You slash the hound simulacrum!
The hound simulacrum vapourises!
You hit grovkorv's ghost.
You feel sick. Grovkorv's ghost hits you!
You die...

#....!##.##....###...#.........
#....)...#....##.....#.........
###.....#..#....#=..Y.##.........
........##.'...##...ZW#..........
##########.'...#$.=ZZZ#..........
#.'...#[...#.##......... ###
#.#..(##.. #ZZ#......... ..#
#.#....## #.W#......... ..#
#.##...@###.!.#..####### ..#
#..###.W○Z...##..##....# §.#
##...###...###...##.##.. ..#
##....#####.....##.#### ###
#.##..........###..... #
#...........### ##....
############# #.### #..<# #####


You could see grovkorv's ghost and a worker ant simulacrum.

Vanquished Creatures
  An ice beast (D:4)
  Blork the orc (D:4)
  A hound (D:4)
  3 orc wizards (D:4)
  2 worker ants (D:4)
  A hound skeleton (D:4)
  6 gnolls (D:4)
  3 adders
  A hound simulacrum (D:4)
  2 worms
  4 dart slugs
  An adder simulacrum (D:4)
  2 leopard geckos
  8 orcs
  2 giant cockroaches
  3 goblins (D:1)
  12 hobgoblins
  9 jackals
  9 kobolds
  A quokka (D:4)
  4 bats (D:1)
  4 frilled lizards
  A jackal simulacrum (D:4)
  A leopard gecko simulacrum (D:4)
  5 rats
87 creatures vanquished.

Notes
Turn   | Place    | Note
-------+----------+-------------------------------------------
     0 | D:1      | Clowwww the Demonspawn Fighter began the quest for the Orb.
     0 | D:1      | Reached XP level 1. HP: 18/18 MP: 1/1
   102 | D:1      | Gained mutation: You are immune to rotting. [demonic
                  | ancestry]
   102 | D:1      | Reached XP level 2. HP: 23/24 MP: 2/2
   856 | D:1      | Reached XP level 3. HP: 22/29 MP: 3/3
  2314 | D:3      | Gained mutation: You sometimes gain a little power by
                  | taking damage. [demonic ancestry]
  2314 | D:3      | Reached XP level 4. HP: 30/35 MP: 4/4
  3147 | D:4      | Gained mutation: Your movements are slightly less
                  | encumbered by armour. (ER -2) [demonic ancestry]
  3147 | D:4      | Reached XP level 5. HP: 31/41 MP: 5/5
  3161 | D:4      | Reached skill level 1 in Dodging
  3428 | D:4      | Found a runed translucent gate.
  3428 | D:4      | Found a runed translucent gate.
  3428 | D:4      | Found a runed translucent gate.
  3475 | D:4      | Noticed Blork the orc
  3523 | D:4      | Gained mutation: Your movements are less encumbered by
                  | armour. (ER -4) [demonic ancestry]
  3523 | D:4      | Reached XP level 6. HP: 22/48 MP: 6/6
  3612 | D:4      | Killed Blork the orc
  4016 | D:4      | Found a staircase to the Ecumenical Temple.
  4022 | Temple   | Entered the Ecumenical Temple
  4128 | Temple   | Became a worshipper of Ashenzari the Shackled
  4401 | D:4      | Noticed an ice beast
  4401 | D:4      | Noticed grovkorv's ghost (novice HOGl)
  4452 | D:4      | Killed an ice beast
  4452 | D:4      | Gained mutation: You may emit foul miasma when damaged in
                  | melee. [demonic ancestry]
  4452 | D:4      | Reached XP level 7. HP: 20/54 MP: 7/7
  4455 | D:4      | Slain by grovkorv's ghost

Illustrated notes

Levels and vault maps discovered:
D:1:      dpeg_arrival_fog, layout_basic
D:2:      layout_loops_ring, serial_bayou_lagoon_a
D:3:      layout_basic, first_ration, minmay_misc_feat_cross,
          supply_closet_lemuel
D:4:      layout_basic, minmay_temple_entry_purple_smoke, gammafunk_ghost_icy,
          uniq_blork_the_orc
Temple:   regret_index_temple_waves

Skill      XL: |  1  2  3  4  5  6 |
---------------+-------------------+-----
Armour         | 3 |  3.9
Axes           | 2 3 4 |  4.8
Shields        | 3 |  3.5
Dodging        | 1 |  1.6
Fighting       | 4 |  4.2
Stealth        | |  0.1

Action                   |  1- 3 |  4- 6 |  7- 9 || total
-------------------------+-------+-------+-------++-------
Melee: War axe           |   133 |   157 |     1 ||   291
Invok: Curse Item        |       |     1 |       ||     1
  Use: Scroll            |       |     9 |     1 ||    10
       Potion            |       |     4 |     1 ||     5
 Stab: Invisible         |       |     1 |       ||     1
  Eat: Chunk             |     5 |     7 |       ||    12
Armor: Scale mail        |    63 |    69 |     1 ||   133
Dodge: Dodged            |    43 |    64 |     3 ||   110
Block: Kite shield       |    72 |   100 |     1 ||   173
